 Dungeon Crawl Stone Soup version 0.22.1-1-ga44c0e5 (webtiles) character file.

898 Folque the Slinger (level 8, -2/54 HPs)
             Began as a Halfling Hunter on Sept 24, 2018.
             Killed from afar by an orc wizard (5 damage)
             ... with a magic dart
             ... on level 4 of the Dungeon.
             The game lasted 00:19:08 (3656 turns).

Folque the Slinger (Halfling Hunter)                Turns: 3656, Time: 00:19:08

Health: -2/54      AC:  7    Str: 13    XL:     8   Next: 28%
Magic:  8/8        EV: 15    Int:  9    God:
Gold:   168        SH:  0    Dex: 17    Spells: 7/7 levels left

rFire    . . .     SeeInvis .   w - +1 hunting sling
rCold    . . .     Gourm    .   (shield restricted)
rNeg     . . .     Faith    .   c - +0 leather armour
rPois    .         Spirit   .   (no helmet)
rElec    .         Reflect  .   y - +0 cloak
rCorr    .         Harm     .   A - +2 pair of gloves
MR       .....                  (no boots)
Stlth    ++........             (no amulet)
HPRegen  0.18/turn              (no ring)
MPRegen  0.11/turn              (no ring)

@: no status effects
A: small, mutation resistance 1
a: no special abilities


You were on level 4 of the Dungeon.
You were not hungry.

You visited 1 branch of the dungeon, and saw 4 of its levels.

You collected 188 gold pieces.
You spent 20 gold pieces at shops.

Inventory:

Hand Weapons
 e - a +2 dagger of speed
 v - a +2 whip of freezing
 w - a +1 hunting sling (weapon)
Missiles
 a - 125 stones (quivered)
 l - 16 poisoned needles
 q - 2 sling bullets
 u - 3 tomahawks
Armour
 b - a +0 pair of gloves
 c - a +0 leather armour (worn)
 y - a +0 cloak (worn)
 A - a +2 pair of gloves (worn)
Jewellery
 C - a +4 ring of dexterity {unknown}
Scrolls
 g - a scroll of teleportation {unknown}
 i - a scroll of random uselessness
 k - a scroll of amnesia {unknown}
 m - 2 scrolls of remove curse
 s - a scroll of magic mapping {unknown}
 t - a scroll of enchant armour {unknown}
 x - a scroll of immolation {unknown}
 B - a scroll of identify
Potions
 d - a potion of might {unknown}
 n - 2 potions of degeneration
 o - a potion of ambrosia {unknown}
 p - a potion of cancellation {unknown}
 r - a potion of flight {unknown}
 z - a potion of lignification {unknown}
 E - 2 potions of mutation {unknown}
Comestibles
 f - 5 rations


   Skills:
 - Level 4.0 Fighting
 * Level 3.6 Short Blades
 + Level 9.0(9.9) Slings
 - Level 4.5(6.1) Throwing
 - Level 1.2 Armour
 - Level 3.0 Dodging
 - Level 1.1 Stealth


You had 7 spell levels left.
You didn't know any spells.
Your spell library was empty.

Dungeon Overview and Level Annotations

Branches:
Dungeon (4/15)
 Temple: D:4-7

Altars:
Ashenzari
Cheibriados
Dithmenos

Shops:
D:4 *


Innate Abilities, Weirdness & Mutations

You are small and have problems with some larger weapons.
You are somewhat resistant to further mutation.


Message History

Firing (i - inventory. (/) - cycle)
a - 126 stones (quivered)
Press: ? - help, Shift-Dir - straight line, f/p - worm
Aim: a worm You shoot a stone.
The stone barely misses the orc wizard.
The stone hits the worm.
The worm is lightly wounded.
The orc wizard gestures at you while chanting.
The magic dart hits you!
* * * LOW HITPOINT WARNING * * *
The orc hits you with a flail of crushing.
* * * LOW HITPOINT WARNING * * *
x2 The orc wizard closely misses you.
The orc priest mumbles some strange prayers to Beogh against you.
Beogh smites you!
* * * LOW HITPOINT WARNING * * *
As you read the scroll labeled CUASMI ZOUN, it crumbles to dust.
The dust glows mottled scarlet!
It was a scroll of random uselessness.
The orc wizard casts a spell at you. The magic dart hits you!
You die...

....###....###)...# ##..#
#.##.###..###
#.###..##.##...#### .!
#......##.#..#.....# ... #
##.>###.##...######..# ......
#..###.. ###.# #.######).%...
...# #.# #.# #...........#
##.###.###
#.########o(........#
......^..###....@oowo(...##..#
#####.##.....#####..####.....#
# #..#####..#.....## ###..<# #
#.#####.......### ....# #
#.#.......###.### .o..#
#######'####........ .....#
...#.p.....#.######. ####...
.###.♣.p.♣.#.# # ###
####.......#.#


You could see a worm, an orc priest, an orc wizard and 2 orcs.

Vanquished Creatures
  Pikel (D:4)
  2 hounds (D:4)
  Crazy Yiuf (D:3)
  Jessica (D:2)
  Terence (D:3)
  Natasha (thrice) (D:2)
  2 worker ants (D:4)
  4 adders
  7 gnolls
  2 oozes
  An adder skeleton (D:4)
  A worm (D:2)
  2 dart slugs
  5 leopard geckos
  5 orcs
  7 bats
  4 giant cockroaches
  4 goblins
  6 hobgoblins
  2 jackals (D:2)
  3 quokkas (D:3)
  2 frilled lizards (D:3)
  6 kobolds
  2 leopard gecko skeletons (D:4)
  3 rats (D:2)
77 creatures vanquished.

Notes
Turn   | Place    | Note
-------+----------+-------------------------------------------
     0 | D:1      | Folque the Halfling Hunter began the quest for the Orb.
     0 | D:1      | Reached XP level 1. HP: 14/14 MP: 1/1
   281 | D:1      | Reached skill level 6 in Slings
   339 | D:1      | Reached XP level 2. HP: 14/19 MP: 2/2
   902 | D:2      | Reached XP level 3. HP: 25/25 MP: 3/3
   992 | D:2      | Noticed Jessica
  1018 | D:2      | Killed Jessica
  1018 | D:2      | Reached XP level 4. HP: 14/31 MP: 4/4
  1217 | D:2      | Noticed Natasha
  1234 | D:2      | Killed Natasha
  1366 | D:2      | Reached skill level 7 in Slings
  1376 | D:2      | Reached skill level 1 in Armour
  1474 | D:2      | Reached skill level 1 in Short Blades
  1474 | D:2      | Reached XP level 5. HP: 33/36 MP: 5/5
  1634 | D:2      | Noticed Natasha
  1639 | D:2      | Killed Natasha
  1932 | D:2      | Noticed Natasha
  1941 | D:2      | Killed Natasha
  1941 | D:2      | Reached XP level 6. HP: 38/42 MP: 6/6
  2092 | D:3      | Found a shadowy altar of Dithmenos.
  2233 | D:3      | Found a snail-covered altar of Cheibriados.
  2303 | D:3      | Found a shattered altar of Ashenzari.
  2574 | D:3      | Found a runed door.
  2579 | D:3      | Noticed Crazy Yiuf
  2597 | D:3      | HP: 2/43 [Crazy Yiuf/quarterstaff of chaos (3)]
  2602 | D:3      | Killed Crazy Yiuf
  2922 | D:3      | Noticed Terence
  2955 | D:3      | Killed Terence
  3112 | D:4      | Found Bial's General Store.
  3312 | D:4      | Bought a scroll of identify for 20 gold pieces
  3366 | D:4      | Reached skill level 1 in Throwing
  3366 | D:4      | Reached XP level 7. HP: 43/48 MP: 7/7
  3479 | D:4      | Noticed Pikel
  3539 | D:4      | Killed Pikel
  3539 | D:4      | Reached skill level 8 in Slings
  3539 | D:4      | Reached XP level 8. HP: 18/54 MP: 8/8
  3649 | D:4      | Reached skill level 9 in Slings
  3655 | D:4      | HP: 2/54 [orc priest/divine providence (9)]
  3656 | D:4      | Killed from afar by an orc wizard

Skill      XL: |  1  2  3  4  5  6  7  8 |
---------------+-------------------------+-----
Fighting       | 2 3 4 |  4.0
Slings         | 6 7 8 9 |  9.0
Armour         | 1 |  1.2
Short Blades   | 1 2 3 |  3.6
Dodging        | 3 |  3.0
Throwing       | 1 4 |  4.5
Stealth        | |  1.1

Action                   |  1- 3 |  4- 6 |  7- 9 || total
-------------------------+-------+-------+-------++-------
Melee: Short sword       |    59 |       |       ||    59
       Dagger            |       |   176 |    53 ||   229
       Whip              |       |     4 |       ||     4
 Fire: Hunting sling     |    13 |    60 |    24 ||    97
  Use: Potion            |       |     2 |     2 ||     4
       Scroll            |       |     1 |     3 ||     4
 Stab: Sleeping          |       |     9 |       ||     9
  Eat: Chunk             |       |     7 |     2 ||     9
Armor: Leather armour    |    23 |    16 |     5 ||    44
Dodge: Dodged            |    46 |    81 |    30 ||   157
